[Event "2nd Gujarat Open 2019"]
[Site "Ahmedabad, Gujarat"]
[Date "2019.09.22"]
[Round "?"]
[White "Deepan Chakkravarthy J."]
[Black "Abdullah Al, Raison"]
[Result "1-0"]
[ECO "A00"]
[WhiteElo "2539"]
[BlackElo "1838"]
[Annotator "ChessBase"]
[PlyCount "64"]
[EventDate "2019.09.22"]
[EventCountry "IND"]
[SourceTitle "playchess.com"]
[Source "ChessBase"]
[SourceQuality "1"]
[TimeControl "5400+30"]

1. a4 e5 2. e4 Nf6 3. Nc3 Bc5 4. d3 h6 5. Be3 Bb4 6. Be2 c6 7. Nf3 d5 8. Bd2 Qe7 9. O-O dxe4 10. Nxe4 Nxe4 11. dxe4 O-O 12. a5 Nd7 13. h3 Re8 14. c3 Bc5 15. b4 Bd6 16. Be3 Nf6 17. Qc2 Be6 18. Nd2 Qc7 19. Nc4 Bxc4 20. Bxc4 b5 21. Be2 Rab8 22. a6 c5 23. c4 bxc4 24. bxc5 Bxc5 25. Qxc4 Rec8 26. Rfc1 Bb6 27. Qxc7 Rxc7 28. Rxc7 Bxc7 29. Bxa7 Ra8 30. Be3 Nd7 31. Bb5 Nb6 32. a7 Rd8 1-0

[Event "2nd Gujarat Open 2019"]
[Site "Ahmedabad, Gujarat"]
[Date "2019.09.22"]
[Round "?"]
[White "Rahman, Ziaur"]
[Black "Sreekar J S S"]
[Result "1-0"]
[ECO "A13"]
[WhiteElo "2492"]
[BlackElo "1818"]
[Annotator "ChessBase"]
[PlyCount "120"]
[EventDate "2019.09.22"]
[EventCountry "IND"]
[SourceTitle "playchess.com"]
[Source "ChessBase"]
[SourceQuality "1"]
[TimeControl "5400+30"]

1. Nf3 Nf6 2. c4 e6 3. g3 d5 4. Bg2 c6 5. O-O Nbd7 6. d3 Be7 7. Nc3 O-O 8. cxd5 Nxd5 9. Bd2 b6 10. Rc1 Bb7 11. Qa4 b5 12. Qb3 Qb6 13. d4 Rac8 14. h4 h6 15. Nxd5 cxd5 16. Bb4 Bxb4 17. Qxb4 Rc6 18. Rxc6 Qxc6 19. Qe7 Rc8 20. Ne1 Qc7 21. Nd3 Qd8 22. Qxd8+ Rxd8 23. b4 Rc8 24. Ra1 Bc6 25. e3 Kf8 26. Bf1 Ke7 27. Nc5 Nxc5 28. dxc5 Rb8 29. Rb1 e5 30. Rb3 Rb7 31. Ra3 Ke6 32. Ra6 Kd7 33. Bg2 Kc7 34. h5 Kd7 35. Bxd5 Bxd5 36. Rd6+ Ke7 37. Rxd5 f6 38. Rd6 Rc7 39. Ra6 Kd7 40. Kg2 Ke7 41. g4 Kd7 42. Kf3 Kc8 43. Rd6 Kb7 44. Ke4 a5 45. a3 axb4 46. axb4 Kc8 47. Rb6 Rd7 48. Rxb5 Rd2 49. f4 exf4 50. exf4 Re2+ 51. Kf5 Rf2 52. Ra5 Rc2 53. Ra7 Rc4 54. Rxg7 Rxb4 55. Rf7 Rb5 56. Kg6 Rxc5 57. Kxh6 f5 58. g5 Kd8 59. g6 Ke8 60. Kg5 Rc1 1-0

[Event "2nd Gujarat Open 2019"]
[Site "Ahmedabad, Gujarat"]
[Date "2019.09.22"]
[Round "?"]
[White "Laxman, R.R."]
[Black "Chilukuri Sai Varshith"]
[Result "0-1"]
[ECO "D02"]
[WhiteElo "2437"]
[BlackElo "1813"]
[Annotator "NA"]
[PlyCount "125"]
[EventDate "2019.09.22"]
[EventCountry "IND"]
[SourceTitle "playchess.com"]
[Source "ChessBase"]
[SourceQuality "1"]
[TimeControl "5400+30"]

1. d4 Nf6 2. Nf3 g6 3. Nbd2 d5 4. e3 Bg7 5. b4 O-O 6. Be2 b6 7. O-O Bb7 8. c4 Nbd7 9. Bb2 c5 10. dxc5 bxc5 11. b5 e6 12. a4 a5 13. Qc2 Qc7 14. Rfd1 Rfc8 15. h3 Nb6 16. Be5 Qe7 17. Qb2 Ne8 18. Bxg7 Nxg7 19. Nh2 h5 20. Qe5 Nd7 21. Qc3 Nb6 22. Nhf3 Nf5 23. cxd5 exd5 24. Qe5 Qxe5 25. Nxe5 Nd6 26. Nb3 Ne4 27. Rdc1 Kg7 28. f3 c4 29. Nd4 Nc5 30. Nec6 Bxc6 31. bxc6 Ne6 32. Kf2 Nxd4 33. exd4 Rxc6 34. Rcb1 Nd7 35. Rb5 Nf6 36. Rab1 Re6 37. h4 Raa6 38. Rc5 Reb6 39. Rxb6 Rxb6 40. Rxa5 Rb4 41. Bd1 Rb2+ 42. Be2 Ra2 43. Ra7 Ne8 44. Ra5 Nc7 45. Ke3 Ra3+ 46. Kd2 Ra2+ 47. Ke1 Ne6 48. Bd1 Nf4 49. g3 Nd3+ 50. Kf1 Rf2+ 51. Kg1 Rd2 52. Kf1 Rxd1+ 53. Ke2 Rg1 54. Rxd5 Rxg3 55. Rd7 Rg2+ 56. Ke3 Nb2 57. a5 Nd1+ 58. Ke4 Re2+ 59. Kd5 Ne3+ 60. Ke4 c3 61. a6 c2 62. Rc7 Nc4+ 63. Kd3 0-1

[Event "2nd Gujarat Open 2019"]
[Site "Ahmedabad, Gujarat"]
[Date "2019.09.22"]
[Round "?"]
[White "Neelotpal, Das"]
[Black "Vijay, Anand M."]
[Result "1-0"]
[ECO "B26"]
[WhiteElo "2433"]
[BlackElo "1806"]
[Annotator "NA"]
[PlyCount "85"]
[EventDate "2019.09.22"]
[EventCountry "IND"]
[SourceTitle "playchess.com"]
[Source "ChessBase"]
[SourceQuality "1"]
[TimeControl "5400+30"]

1. e4 c5 2. Nc3 g6 3. g3 Bg7 4. Bg2 Nc6 5. d3 e6 6. Be3 Nd4 7. Qd2 Ne7 8. Nd1 d6 9. c3 Ndc6 10. Bh6 Bf6 11. Nh3 Ne5 12. O-O Ng4 13. Bg5 Nc6 14. f3 Bxg5 15. Nxg5 Nf6 16. f4 O-O 17. Ne3 d5 18. e5 d4 19. exf6 dxe3 20. Qxe3 Qxf6 21. Qxc5 Qe7 22. Qe3 Bd7 23. Rae1 Rae8 24. d4 h6 25. Nf3 Kg7 26. Qd2 Qd6 27. Ne5 Bc8 28. Rf2 Rd8 29. Nxc6 bxc6 30. Re5 Rd7 31. Qe2 Rb7 32. Rc5 Bd7 33. Qe5+ Qxe5 34. dxe5 Rfb8 35. Rd2 Be8 36. b4 Rb5 37. Rc4 a5 38. a4 R5b6 39. bxa5 Ra6 40. Rc5 Rba8 41. Rd6 Rxa5 42. Rxa5 Rxa5 43. Rd8 1-0

[Event "2nd Gujarat Open 2019"]
[Site "Ahmedabad, Gujarat"]
[Date "2019.09.22"]
[Round "?"]
[White "Karthikeyan, P.."]
[Black "Choubey Saurabh"]
[Result "1-0"]
[ECO "D03"]
[WhiteElo "2408"]
[BlackElo "1789"]
[Annotator "NA"]
[PlyCount "101"]
[EventDate "2019.09.22"]
[EventCountry "IND"]
[SourceTitle "playchess.com"]
[Source "ChessBase"]
[SourceQuality "1"]
[TimeControl "5400+30"]

1. d4 d5 2. Nf3 Nf6 3. Bg5 e6 4. e3 c5 5. c3 Nc6 6. Nbd2 Bd6 7. Bd3 h6 8. Bh4 O-O 9. O-O e5 10. dxe5 Nxe5 11. Nxe5 Bxe5 12. e4 Qd6 13. exd5 Nxd5 14. Nc4 Bxh2+ 15. Kh1 Qc7 16. g3 g5 17. Bxg5 hxg5 18. Qh5 f5 19. Qxg5+ Qg7 20. Qxg7+ Kxg7 21. Kxh2 f4 22. Be4 Nf6 23. Bf3 Ng4+ 24. Kg2 Be6 25. Rfe1 Bxc4 26. Bxg4 fxg3 27. Kxg3 Rad8 28. b3 Rd3+ 29. f3 Bd5 30. Rad1 Rxd1 31. Rxd1 Bc6 32. c4 Rf6 33. Rd8 Kf7 34. f4 Ke7 35. Ra8 a6 36. f5 Rd6 37. Kf4 Kf6 38. Rf8+ Kg7 39. Rb8 Kf6 40. Bf3 Rd4+ 41. Ke3 Bxf3 42. Kxf3 Rd2 43. Rxb7 Rxa2 44. Ke4 Re2+ 45. Kd5 Re5+ 46. Kd6 Kxf5 47. Rc7 Re3 48. Rxc5+ Kf6 49. Ra5 Rxb3 50. c5 Rb5 51. c6 1-0

[Event "2nd Gujarat Open 2019"]
[Site "Ahmedabad, Gujarat"]
[Date "2019.09.22"]
[Round "?"]
[White "Hesham, Abdelrahman"]
[Black "Bagwe Gaurang"]
[Result "1-0"]
[ECO "A52"]
[WhiteElo "2396"]
[BlackElo "1788"]
[Annotator "NA"]
[PlyCount "119"]
[EventDate "2019.09.22"]
[EventCountry "IND"]
[SourceTitle "playchess.com"]
[Source "ChessBase"]
[SourceQuality "1"]
[TimeControl "5400+30"]

1. d4 Nf6 2. c4 e5 3. dxe5 Ng4 4. Bf4 Nc6 5. Nf3 Bb4+ 6. Nbd2 Qe7 7. e3 Ngxe5 8. Nxe5 Nxe5 9. Be2 O-O 10. O-O Bxd2 11. Qxd2 a5 12. c5 d6 13. cxd6 cxd6 14. Rfd1 Rd8 15. Qd4 Bf5 16. Rac1 Nc6 17. Qb6 Be6 18. a3 a4 19. Bb5 Bb3 20. Rxd6 Rxd6 21. Bxd6 Qxd6 22. Qxb7 Rd8 23. Qxc6 Qe5 24. Qc8 Qd6 25. Bd7 Rf8 26. Qc6 Qd2 27. Rb1 Rd8 28. Bg4 h5 29. Bf3 Bd1 30. Qc3 Qd6 31. e4 Bxf3 32. Qxf3 Qd2 33. h3 Qc2 34. Re1 Qxb2 35. e5 Qb3 36. Re3 Qd1+ 37. Qxd1 Rxd1+ 38. Kh2 Ra1 39. Kg3 g6 40. Kf4 Ra2 41. Rf3 Kg7 42. Ke4 Rd2 43. g4 hxg4 44. hxg4 Kf8 45. Rf4 Ra2 46. e6 Re2+ 47. Kf3 Rxe6 48. Rxa4 Re1 49. Re4 Ra1 50. Re3 Ra2 51. Rb3 Kg7 52. Ke3 Ra1 53. Kd4 Ra2 54. f3 Rc2 55. Rc3 Rd2+ 56. Kc5 Rd8 57. a4 Rc8+ 58. Kb4 Rb8+ 59. Ka3 Ra8 60. Rc5 1-0

[Event "2nd Gujarat Open 2019"]
[Site "Ahmedabad, Gujarat"]
[Date "2019.09.22"]
[Round "?"]
[White "Konguvel, Ponnuswamy"]
[Black "Sawant, Akshay"]
[Result "1/2-1/2"]
[ECO "A04"]
[WhiteElo "2374"]
[BlackElo "1761"]
[Annotator "NA"]
[PlyCount "78"]
[EventDate "2019.09.22"]
[EventCountry "IND"]
[SourceTitle "playchess.com"]
[Source "ChessBase"]
[SourceQuality "1"]
[TimeControl "5400+30"]

1. e4 c5 2. Nf3 e6 3. d3 Nc6 4. g3 g6 5. Bg2 Bg7 6. O-O Nge7 7. c3 d6 8. d4 O-O 9. Be3 b6 10. Qd2 e5 11. d5 Nb8 12. a4 Nd7 13. Na3 f5 14. exf5 Nxf5 15. Bg5 Nf6 16. g4 Ne7 17. h3 Rb8 18. Nh2 h5 19. Qd1 hxg4 20. hxg4 Qd7 21. Nc4 Ba6 22. b3 Nh7 23. Be3 g5 24. Qd2 Bh6 25. Rfe1 Ng6 26. Qc2 Nh4 27. Be4 Bxc4 28. bxc4 Nf6 29. f3 Nxe4 30. Qxe4 Rf6 31. Rf1 Rbf8 32. a5 Qf7 33. axb6 axb6 34. Ra2 Qh7 35. Qxh7+ Kxh7 36. Ra7+ Kg6 37. Rd7 R8f7 38. Rd8 Rf8 39. Rd7 R8f7 1/2-1/2

[Event "2nd Gujarat Open 2019"]
[Site "Ahmedabad, Gujarat"]
[Date "2019.09.22"]
[Round "?"]
[White "Nitin, S.."]
[Black "Amatya, Pramit"]
[Result "1-0"]
[ECO "B53"]
[WhiteElo "2361"]
[BlackElo "1751"]
[Annotator "NA"]
[PlyCount "62"]
[EventDate "2019.09.22"]
[EventCountry "IND"]
[SourceTitle "playchess.com"]
[Source "ChessBase"]
[SourceQuality "1"]
[TimeControl "5400+30"]

1. e4 c5 2. Nf3 d6 3. d4 cxd4 4. Qxd4 Nc6 5. Qe3 Nf6 6. Be2 e6 7. O-O Be7 8. Rd1 Qc7 9. c4 O-O 10. Nc3 Bd7 11. b3 Ne5 12. Nd4 a6 13. Bb2 Bc6 14. Rac1 Qb8 15. h3 Rd8 16. a4 Ng6 17. Ba3 Bf8 18. Bf1 Kh8 19. Bb2 d5 20. exd5 exd5 21. Nf5 Qf4 22. Qxf4 Nxf4 23. Nh6 gxh6 24. Nxd5 N4xd5 25. cxd5 Rxd5 26. Bxf6+ Bg7 27. Bxg7+ Kxg7 28. Rxd5 Bxd5 29. b4 a5 30. Rc5 Bb3 31. bxa5 Bxa4 1-0

[Event "2nd Gujarat Open 2019"]
[Site "Ahmedabad, Gujarat"]
[Date "2019.09.22"]
[Round "?"]
[White "Manush Shah"]
[Black "Tamhankar, Siddhant"]
[Result "1-0"]
[ECO "A56"]
[WhiteElo "2352"]
[BlackElo "1750"]
[Annotator "NA"]
[PlyCount "55"]
[EventDate "2019.09.22"]
[EventCountry "IND"]
[SourceTitle "playchess.com"]
[Source "ChessBase"]
[SourceQuality "1"]
[TimeControl "5400+30"]

1. d4 Nf6 2. Nf3 c5 3. d5 d6 4. c4 e5 5. Nc3 Be7 6. g3 Nbd7 7. Bg2 Nf8 8. O-O Ng6 9. Ne1 O-O 10. Nd3 h5 11. e4 h4 12. Rb1 Bg4 13. Bf3 Bh3 14. Re1 Qc8 15. Bg2 hxg3 16. hxg3 Nh7 17. Be3 Bg5 18. Bxg5 Nxg5 19. Qh5 Qg4 20. Qxg4 Bxg4 21. f4 exf4 22. gxf4 Nh3+ 23. Bxh3 Bxh3 24. f5 Ne5 25. Nxe5 dxe5 26. Kf2 g5 27. Rh1 g4 28. Rbg1 1-0

[Event "2nd Gujarat Open 2019"]
[Site "Ahmedabad, Gujarat"]
[Date "2019.09.22"]
[Round "?"]
[White "Sahoo, Utkal Ranjan"]
[Black "Sadbhav Rautela"]
[Result "1-0"]
[ECO "D10"]
[WhiteElo "2329"]
[BlackElo "1720"]
[Annotator "NA"]
[PlyCount "47"]
[EventDate "2019.09.22"]
[EventCountry "IND"]
[SourceTitle "playchess.com"]
[Source "ChessBase"]
[SourceQuality "1"]
[TimeControl "5400+30"]

1. d4 d5 2. c4 c6 3. Nc3 Nf6 4. cxd5 cxd5 5. Bf4 Nc6 6. e3 Bf5 7. Qb3 Qd7 8. Nf3 e6 9. Ne5 Qc8 10. Bb5 Bd6 11. Nxc6 bxc6 12. Bxd6 cxb5 13. Nxb5 Kd7 14. O-O Qb7 15. Rfc1 Rhc8 16. Ba3 a6 17. Qb4 Ng8 18. Qd6+ Ke8 19. Qf8+ Kd7 20. Qxf7+ Kd8 21. Qxg8+ Kd7 22. Qf7+ Kd8 23. Qf8+ Kd7 24. Qe7# 1-0

[Event "2nd Gujarat Open 2019"]
[Site "Ahmedabad, Gujarat"]
[Date "2019.09.22"]
[Round "?"]
[White "Souhardo Basak"]
[Black "Aagam Aditya E"]
[Result "1-0"]
[ECO "C82"]
[WhiteElo "2301"]
[BlackElo "1715"]
[Annotator "NA"]
[PlyCount "109"]
[EventDate "2019.09.22"]
[EventCountry "IND"]
[SourceTitle "playchess.com"]
[Source "ChessBase"]
[SourceQuality "1"]
[TimeControl "5400+30"]

1. e4 e5 2. Nf3 Nc6 3. Bb5 a6 4. Ba4 Nf6 5. O-O Nxe4 6. d4 b5 7. Bb3 d5 8. dxe5 Be6 9. c3 Bc5 10. a4 b4 11. Qe2 O-O 12. Bc2 bxc3 13. Nxc3 Nxc3 14. bxc3 Qd7 15. a5 Bf5 16. Ra4 Rfe8 17. Rh4 Be7 18. Rh5 Bg6 19. Rh3 Qg4 20. Rg3 Qc4 21. Qxc4 dxc4 22. Ba4 Be4 23. Re1 Bd5 24. Nd4 Nxd4 25. Bxe8 Nf5 26. Ba4 Nxg3 27. hxg3 Rb8 28. Be3 Bd8 29. Ba7 Ra8 30. Rd1 c6 31. Bb6 Bxb6 32. axb6 Rb8 33. Rb1 Rb7 34. f3 Kf8 35. Kf2 Ke7 36. Ke3 c5 37. Bc2 h6 38. Rd1 Rd7 39. Bf5 Be6 40. Rb1 Rb7 41. Be4 Rb8 42. b7 Bd7 43. Rb6 Bb5 44. Rd6 Rh8 45. Bf5 Rb8 46. Bc8 Ke8 47. Ke4 Ke7 48. Kd5 Be8 49. Kxc5 f6 50. exf6+ gxf6 51. Rxa6 Kd8 52. Kd6 Rxc8 53. Ra8 Bd7 54. Rxc8+ Bxc8 55. b8=Q 1-0

[Event "2nd Gujarat Open 2019"]
[Site "Ahmedabad, Gujarat"]
[Date "2019.09.22"]
[Round "?"]
[White "Srihari L R"]
[Black "Adireddy Tarun"]
[Result "1-0"]
[ECO "A13"]
[WhiteElo "2283"]
[BlackElo "1706"]
[Annotator "NA"]
[PlyCount "89"]
[EventDate "2019.09.22"]
[EventCountry "IND"]
[SourceTitle "playchess.com"]
[Source "ChessBase"]
[SourceQuality "1"]
[TimeControl "5400+30"]

1. Nf3 Nf6 2. c4 e6 3. b3 d5 4. Bb2 b6 5. g3 Bb7 6. Bg2 Nbd7 7. O-O Bd6 8. Nc3 O-O 9. Qc2 a6 10. Rfd1 Qe7 11. Rac1 Rfd8 12. d4 Ne4 13. Nxe4 dxe4 14. Ne5 Ba3 15. Bxa3 Qxa3 16. Nxd7 Rxd7 17. Bxe4 Bxe4 18. Qxe4 Rad8 19. Rc2 Qd6 20. Rcd2 e5 21. e3 g6 22. Qb7 Qa3 23. Qe4 Qd6 24. dxe5 Qxd2 25. Rxd2 Rxd2 26. e6 fxe6 27. Qxe6+ Kf8 28. Qf6+ Kg8 29. Qe6+ Kf8 30. c5 R8d7 31. cxb6 cxb6 32. Qxb6 Rxa2 33. e4 Re2 34. e5 Re7 35. Qf6+ Ke8 36. Qc6+ Kd8 37. Qa8+ Kc7 38. Qa7+ Kd8 39. Qb8+ Kd7 40. f4 Ra2 41. Qd6+ Ke8 42. e6 Kf8 43. Qd8+ Re8 44. Qf6+ Kg8 45. Qf7+ 1-0

[Event "2nd Gujarat Open 2019"]
[Site "Ahmedabad, Gujarat"]
[Date "2019.09.22"]
[Round "?"]
[White "Pranav Vijay"]
[Black "Krishnan Ritvik"]
[Result "1-0"]
[ECO "B31"]
[WhiteElo "2265"]
[BlackElo "1718"]
[Annotator "NA"]
[PlyCount "123"]
[EventDate "2019.09.22"]
[EventCountry "IND"]
[SourceTitle "playchess.com"]
[Source "ChessBase"]
[SourceQuality "1"]
[TimeControl "5400+30"]

1. e4 c5 2. Nf3 Nc6 3. Bb5 g6 4. O-O Bg7 5. c3 Nf6 6. Re1 O-O 7. h3 Qb6 8. Na3 Rd8 9. d3 a6 10. Ba4 d6 11. Bg5 Be6 12. Qe2 Rac8 13. Be3 Qc7 14. Ng5 Bd7 15. Bb3 e6 16. Rad1 h6 17. Nf3 Re8 18. Bc2 e5 19. Bb3 Na5 20. Qd2 Nxb3 21. axb3 Kh7 22. c4 Ng8 23. b4 f5 24. Qc3 f4 25. Bd2 g5 26. bxc5 dxc5 27. b4 b5 28. cxb5 axb5 29. Rc1 Qa7 30. bxc5 Bf8 31. d4 exd4 32. Qd3 Bxc5 33. Nc2 Be6 34. e5+ Kh8 35. Ncxd4 Bc4 36. Qe4 Qh7 37. Nf5 Red8 38. e6 Qg6 39. Ne5 Qxe6 40. Bc3 Nf6 41. Nxc4 Qxe4 42. Rxe4 Rf8 43. Re6 bxc4 44. Rxf6 Rxf6 45. Bxf6+ Kh7 46. Bc3 Kg6 47. Nd4 Bxd4 48. Bxd4 Kf5 49. f3 h5 50. Ra1 Rd8 51. Ra5+ Kg6 52. Ra6+ Kf7 53. Bf6 Rd1+ 54. Kf2 Rd2+ 55. Kf1 g4 56. hxg4 hxg4 57. fxg4 Rd3 58. Be5 f3 59. g3 Re3 60. Bf4 Re2 61. Rc6 Rc2 62. g5 1-0

[Event "2nd Gujarat Open 2019"]
[Site "Ahmedabad, Gujarat"]
[Date "2019.09.22"]
[Round "?"]
[White "Abu Sufian, Shakil"]
[Black "Ayan Pal"]
[Result "1-0"]
[ECO "B35"]
[WhiteElo "2255"]
[BlackElo "1706"]
[Annotator "NA"]
[PlyCount "153"]
[EventDate "2019.09.22"]
[EventCountry "IND"]
[SourceTitle "playchess.com"]
[Source "ChessBase"]
[SourceQuality "1"]
[TimeControl "5400+30"]

1. e4 c5 2. Nf3 Nc6 3. Nc3 g6 4. d4 cxd4 5. Nxd4 Bg7 6. Be3 Nf6 7. Bc4 Qa5 8. O-O O-O 9. Bb3 d6 10. h3 Bd7 11. Qd2 Nxd4 12. Bxd4 Nxe4 13. Nxe4 Qxd2 14. Nxd2 Bxd4 15. c3 Bg7 16. Rfe1 e6 17. Rad1 b5 18. Nf3 d5 19. Ne5 Bxe5 20. Rxe5 a5 21. a3 Rfc8 22. Rd4 Kg7 23. f4 Rab8 24. Kf2 Rc7 25. Re1 b4 26. cxb4 axb4 27. a4 Ra7 28. Ra1 Kf6 29. Bd1 Ke7 30. b3 Kd6 31. Rc1 f6 32. Bf3 Ra5 33. Rcc4 e5 34. fxe5+ fxe5 35. Rxb4 Rf8 36. Rd2 Kc5 37. Rh4 e4 38. Ke3 g5 39. Rxh7 Bf5 40. b4+ Kxb4 41. Rb7+ Kc5 42. Bd1 Be6 43. Rg7 Rg8 44. Rxg8 Bxg8 45. g3 Be6 46. h4 gxh4 47. gxh4 Bd7 48. h5 Ra6 49. Rh2 Bf5 50. Rc2+ Kd6 51. Kf4 Bh7 52. Rd2 Ra7 53. Bb3 Bg8 54. h6 Rf7+ 55. Kg5 Rf3 56. Bd1 Rg3+ 57. Kf4 Rh3 58. Rg2 Bh7 59. Rb2 Kc6 60. a5 Ra3 61. Rb6+ Kc5 62. Rb7 Bg8 63. Rg7 Be6 64. h7 Rh3 65. a6 d4 66. Kxe4 Bd5+ 67. Kf4 d3 68. a7 Kb6 69. Kg5 d2 70. Rg6+ Kxa7 71. Rh6 Rg3+ 72. Kf4 Rg1 73. h8=Q Rxd1 74. Qd4+ Kb8 75. Qb6+ Kc8 76. Rh8+ Kd7 77. Rh7+ 1-0

[Event "2nd Gujarat Open 2019"]
[Site "Ahmedabad, Gujarat"]
[Date "2019.09.22"]
[Round "?"]
[White "Sarwat, Walaa"]
[Black "Daakshin Arun"]
[Result "1-0"]
[ECO "B53"]
[WhiteElo "2236"]
[BlackElo "1691"]
[Annotator "NA"]
[PlyCount "79"]
[EventDate "2019.09.22"]
[EventCountry "IND"]
[SourceTitle "playchess.com"]
[Source "ChessBase"]
[SourceQuality "1"]
[TimeControl "5400+30"]

1. e4 c5 2. Nf3 d6 3. d4 cxd4 4. Qxd4 Nc6 5. Bb5 Bd7 6. Bxc6 Bxc6 7. Nc3 Nf6 8. Bg5 e5 9. Qd3 h6 10. Bh4 Be7 11. O-O-O g5 12. Bg3 O-O 13. h4 g4 14. Nd2 Qc7 15. Nc4 Rad8 16. Ne3 b5 17. Nf5 b4 18. Nd5 Bxd5 19. exd5 Rc8 20. Nxh6+ Kg7 21. Nf5+ Kg8 22. Rd2 Qd7 23. f3 Rc5 24. Nxe7+ Qxe7 25. Qf5 Rxd5 26. Rxd5 Nxd5 27. Qxg4+ Kh8 28. Qe4 Qe6 29. Rd1 Qh6+ 30. Kb1 Ne3 31. Rxd6 f6 32. Bxe5 Nxg2 33. Qf5 Ne3 34. Bxf6+ Rxf6 35. Qxf6+ Qxf6 36. Rxf6 Kg7 37. Ra6 Nc4 38. Rxa7+ Kh6 39. Kc1 {[%emt 0:00:00] Kg7 Kb1+ Kh6 Kc1} Kh5 40. Ra4 1-0

[Event "2nd Gujarat Open 2019"]
[Site "Ahmedabad, Gujarat"]
[Date "2019.09.22"]
[Round "?"]
[White "Shubham, Lakudkar"]
[Black "Rozum, Ivan"]
[Result "0-1"]
[ECO "B01"]
[WhiteElo "2023"]
[BlackElo "2596"]
[Annotator "ChessBase"]
[PlyCount "50"]
[EventDate "2019.09.22"]
[EventCountry "IND"]
[SourceTitle "playchess.com"]
[Source "ChessBase"]
[SourceQuality "1"]
[TimeControl "5400+30"]

1. e4 d5 2. exd5 Qxd5 3. Nc3 Qd6 4. d4 c6 5. Nf3 Bf5 6. Nh4 Be6 7. g3 Nf6 8. Bg2 Bc4 9. Nf5 Qd7 10. Ne3 Ba6 11. Ne4 Nxe4 12. Bxe4 g6 13. d5 Bg7 14. dxc6 Nxc6 15. Qxd7+ Kxd7 16. c3 Ne5 17. Kd2 Rad8 18. f4 Kc8+ 19. Ke1 Nd3+ 20. Bxd3 Rxd3 21. Bd2 e5 22. Rd1 exf4 23. gxf4 Bh6 24. Ng4 Rf3 25. c4 Re8+ 0-1

[Event "2nd Gujarat Open 2019"]
[Site "Ahmedabad, Gujarat"]
[Date "2019.09.22"]
[Round "?"]
[White "Garv Rai"]
[Black "Chanda, Sandipan"]
[Result "0-1"]
[ECO "A80"]
[WhiteElo "1828"]
[BlackElo "2529"]
[Annotator "ChessBase"]
[PlyCount "58"]
[EventDate "2019.09.22"]
[EventCountry "IND"]
[SourceTitle "playchess.com"]
[Source "ChessBase"]
[SourceQuality "1"]
[TimeControl "5400+30"]

1. d4 f5 2. Bg5 g6 3. e3 Bg7 4. h4 d6 5. Nf3 h6 6. Bf4 Nf6 7. Bc4 e6 8. Nc3 Qe7 9. Qe2 Nc6 10. Rd1 a6 11. Bh2 O-O 12. a3 Kh8 13. b4 Ne4 14. Nb1 Bd7 15. Bb3 e5 16. d5 Nd8 17. c4 Nf7 18. Bc2 Kg8 19. g4 fxg4 20. Bxe4 gxf3 21. Bxf3 e4 22. Bg4 Be5 23. Nd2 Bxh2 24. Rxh2 Ne5 25. Bxd7 Qxd7 26. Kf1 Qg4 27. Nb3 Qg3 28. Rg2 Qh3 29. Nd4 Nf3 0-1

[Event "2nd Gujarat Open 2019"]
[Site "Ahmedabad, Gujarat"]
[Date "2019.09.22"]
[Round "?"]
[White "Kumthekar, Shubham"]
[Black "Saptarshi, Roy"]
[Result "0-1"]
[ECO "D07"]
[WhiteElo "1817"]
[BlackElo "2480"]
[Annotator "ChessBase"]
[PlyCount "190"]
[EventDate "2019.09.22"]
[EventCountry "IND"]
[SourceTitle "playchess.com"]
[Source "ChessBase"]
[SourceQuality "1"]
[TimeControl "5400+30"]

1. d4 d5 2. c4 Nc6 3. e3 e5 4. dxe5 Bb4+ 5. Bd2 dxc4 6. Bxc4 Bxd2+ 7. Qxd2 Qxd2+ 8. Nxd2 Nxe5 9. Be2 Nf6 10. Ngf3 Nc6 11. O-O O-O 12. Rac1 a5 13. a3 Be6 14. Ng5 Bd5 15. Nh3 Rfd8 16. Rfd1 Ne5 17. Nf4 Bc6 18. Nc4 Nxc4 19. Bxc4 Kf8 20. Kf1 a4 21. f3 Ke7 22. Ke2 Rxd1 23. Rxd1 Ra5 24. Nd3 h5 25. h4 Be8 26. e4 Nd7 27. Rc1 c6 28. Ke3 f6 29. f4 g6 30. g3 Bf7 31. Rc2 Be8 32. Rc1 Nb6 33. Ba2 Rb5 34. Kd4 Nd7 35. Bc4 Ra5 36. Ke3 f5 37. Re1 Nf6 38. exf5 gxf5 39. Kd4+ Ne4 40. Nf2 Bg6 41. Nxe4 fxe4 42. Re2 Kf6 43. Kc3 Ra8 44. Re3 Rd8 45. Be2 b5 46. Kc2 Rd5 47. Bf1 Rd4 48. Kc1 Be8 49. Bg2 Bg6 50. Bf1 Bf7 51. Rc3 Rd6 52. Be2 Be8 53. Kc2 Rd5 54. Bf1 c5 55. Re3 Rd4 56. Be2 Kf5 57. Rc3 c4 58. Re3 Bf7 59. Kc3 Rd6 60. Kc2 Bg6 61. Kc3 Kf6 62. Kc2 Rd5 63. Kc3 Rd6 64. Kc2 Rd8 65. Kc3 Ke6 66. Kc2 Kd5 67. Kc3 Kc5 68. Bf1 Rd1 69. Bh3 Rg1 70. Be6 Rf1 71. Bh3 Rf2 72. Be6 Kd6 73. Bh3 Kd5 74. Bd7 Rf3 75. Kd2 Rf1 76. Kc3 Kc5 77. Bh3 Rf2 78. Bd7 Bh7 79. Be8 Rf3 80. Kd2 Kd4 81. Rxf3 exf3 82. Bxh5 f2 83. Ke2 b4 84. Be8 c3 85. bxc3+ Kxc3 86. axb4 a3 87. Bf7 Bd3+ 88. Kxf2 Bc4 89. Bxc4 Kxc4 90. Kf3 a2 91. Kg4 a1=Q 92. h5 Kd5 93. h6 Ke6 94. Kg5 Qf6+ 95. Kh5 Kf5 0-1

[Event "2nd Gujarat Open 2019"]
[Site "Ahmedabad, Gujarat"]
[Date "2019.09.22"]
[Round "?"]
[White "Md Zia Uddin"]
[Black "Nguyen, Van Huy"]
[Result "0-1"]
[ECO "B19"]
[WhiteElo "1815"]
[BlackElo "2454"]
[Annotator "ChessBase"]
[PlyCount "85"]
[EventDate "2019.09.22"]
[EventCountry "IND"]
[SourceTitle "playchess.com"]
[Source "ChessBase"]
[SourceQuality "1"]
[TimeControl "5400+30"]

1. e4 c6 2. d4 d5 3. Nc3 dxe4 4. Nxe4 Bf5 5. Ng3 Bg6 6. h4 h6 7. Nf3 Nd7 8. h5 Bh7 9. Bd3 Bxd3 10. Qxd3 e6 11. Bd2 Ngf6 12. O-O-O Be7 13. Ne4 Qb6 14. Kb1 Rd8 15. Qe2 Nxe4 16. Qxe4 Nf6 17. Qe2 c5 18. Bc3 Nd5 19. Qe1 Nxc3+ 20. Qxc3 O-O 21. Qb3 Qxb3 22. axb3 cxd4 23. Nxd4 Bc5 24. c3 Rd5 25. f4 Rfd8 26. Kc2 Bxd4 27. Rxd4 Rxd4 28. cxd4 Rxd4 29. g3 f5 30. Rd1 Rxd1 31. Kxd1 Kf7 32. Kd2 Kf6 33. Kd3 e5 34. Ke3 e4 35. Kd4 g6 36. Ke3 gxh5 37. Kd4 a5 38. Ke3 Kg6 39. Kd4 h4 40. g4 h3 41. gxf5+ Kxf5 42. Ke3 h2 43. Kd4 {[%emt 0:01:40] Ke5+} 0-1

[Event "2nd Gujarat Open 2019"]
[Site "Ahmedabad, Gujarat"]
[Date "2019.09.22"]
[Round "?"]
[White "Dave Sneh"]
[Black "Das, Sayantan"]
[Result "0-1"]
[ECO "E61"]
[WhiteElo "1809"]
[BlackElo "2434"]
[Annotator "NA"]
[PlyCount "30"]
[EventDate "2019.09.22"]
[EventCountry "IND"]
[SourceTitle "playchess.com"]
[Source "ChessBase"]
[SourceQuality "1"]
[TimeControl "5400+30"]

1. d4 Nf6 2. c4 g6 3. Nc3 Bg7 4. Nf3 O-O 5. Bg5 d6 6. Qd2 Nbd7 7. O-O-O c6 8. h3 b5 9. Qd3 b4 10. Na4 Qa5 11. Qb3 Nb6 12. Nxb6 axb6 13. Bd2 Qxa2 14. Qxa2 Rxa2 15. Kb1 b3 0-1

[Event "2nd Gujarat Open 2019"]
[Site "Ahmedabad, Gujarat"]
[Date "2019.09.22"]
[Round "?"]
[White "Aniruddh Chatterjee"]
[Black "Lugovskoy, Maxim"]
[Result "0-1"]
[ECO "A45"]
[WhiteElo "1805"]
[BlackElo "2422"]
[Annotator "NA"]
[PlyCount "78"]
[EventDate "2019.09.22"]
[EventCountry "IND"]
[SourceTitle "playchess.com"]
[Source "ChessBase"]
[SourceQuality "1"]
[TimeControl "5400+30"]

1. d4 Nf6 2. Bg5 c5 3. Bxf6 gxf6 4. e3 Qb6 5. dxc5 Qxb2 6. Qd4 Qc1+ 7. Qd1 Qxd1+ 8. Kxd1 e6 9. Nc3 Bxc5 10. Bd3 Nc6 11. Rb1 f5 12. Nge2 b6 13. e4 fxe4 14. Nxe4 Be7 15. g4 Bb7 16. f4 O-O-O 17. h4 Nb4 18. Rh3 Rdg8 19. g5 h6 20. Nf2 hxg5 21. fxg5 Nxd3 22. cxd3 f6 23. gxf6 Bxf6 24. Rb4 Be7 25. Rc4+ Kb8 26. Kd2 Bg2 27. Rh2 Bd5 28. Rg4 Rxg4 29. Nxg4 Rxh4 30. Rxh4 Bxh4 31. Nc3 Bc6 32. Ne5 Kc7 33. d4 d6 34. Nc4 b5 35. Nb2 a5 36. Nd3 b4 37. Nd1 Bd5 38. Nc1 Bg5+ 39. Ne3 Bc4 0-1